 Dungeon Crawl Stone Soup version 0.17-a0-1572-g7a1422d (webtiles) character file.

4083 urechis the Basher (level 10, -3/67 HPs)
             Began as a Gargoyle Fighter on July 25, 2015.
             Was an Initiate of Trog.
             Killed by divine providence
             ... invoked by an orc priest
              (11 damage)
             ... on level 8 of the Dungeon.
             The game lasted 00:16:04 (6352 turns).

urechis the Basher (Gargoyle Fighter)               Turns: 6352, Time: 00:16:06

Health: -3/67      AC: 17    Str: 20    XL:     10   Next: 25%
Magic:  10/10      EV:  9    Int:  9    God:    Trog [......]
Gold:   404        SH:  0    Dex: 12    Spells: 0 memorised, 9 levels left

rFire  . . .     SeeInvis .     a - +0 morningstar
rCold  . . .     Clarity  .     b - +0 scale mail
rNeg   + . .     SustAt   .     (no shield)
rPois  ∞         Gourm    .     y - +0 helmet
rElec  +         Spirit   .     (no cloak)
rCorr  .         Warding  .     (no gloves)
rMut   .         Stasis   .     l - +1 pair of boots
MR     +....                    j - amulet of regeneration
Stlth  ..........               (no ring)
                                (no ring)

@: somewhat resistant to hostile enchantments, extremely unstealthy
A: magic resistance 1, negative energy resistance 1, electricity resistance,
unbreathing, petrification resistance, rot immunity, AC +7
a: Burn Spellbooks, Renounce Religion


You were on level 8 of the Dungeon.
You worshipped Trog.
Trog was noncommittal.
You were not hungry.

You visited 2 branches of the dungeon, and saw 9 of its levels.
You also visited: Ossuary.

You collected 404 gold pieces.

Inventory:

Hand weapons
 a - a +0 morningstar (weapon)
Missiles
 p - 7 poisoned needles
 u - a throwing net (quivered)
Armour
 b - a +0 scale mail (worn)
 c - a +0 shield
 l - a +1 pair of boots (worn)
 y - a +0 helmet (worn)
Jewellery
 g - an uncursed amulet of guardian spirit
 j - an amulet of regeneration (around neck)
 w - an uncursed amulet of rage
Scrolls
 f - 2 scrolls of amnesia {unknown}
 k - 2 scrolls of noise {unknown}
 n - 2 scrolls of enchant weapon {unknown}
 s - 6 scrolls of identify {unknown}
 t - 4 scrolls of teleportation {unknown}
 z - 2 scrolls of recharging {unknown}
 B - 2 scrolls of enchant armour {unknown}
 F - a scroll of vulnerability {unknown}
 I - a scroll of remove curse {unknown}
 J - a scroll of magic mapping {unknown}
Potions
 e - a potion of might
 h - 4 potions of curing {unknown}
 i - 3 potions of brilliance {unknown}
 m - 4 potions of heal wounds {unknown}
 o - 2 potions of resistance {unknown}
 q - 4 potions of flight {unknown}
 r - 3 potions of lignification {unknown}
 x - a potion of haste
 A - 2 potions of poison {unknown}
 C - a potion of ambrosia {unknown}
 D - 5 potions of agility {unknown}
 E - 2 potions of cancellation {unknown}
 H - a potion of magic {unknown}
Comestibles
 d - 6 bread rations
 v - 4 meat rations
 G - 2 chunks of flesh


   Skills:
 + Level 9.6 Fighting
 * Level 11.9 Maces & Flails
 - Level 3.2 Armour
 - Level 3.2 Shields


You had 9 spell levels left.
You didn't know any spells.

Dungeon Overview and Level Annotations

Branches:
Dungeon (8/15)             Temple (1/1) D:7
   Lair: D:8-11

Altars:
Ashenzari
Cheibriados
Dithmenos
Elyvilon
Fedhas
Gozag
Kikubaaqudgha
Makhleb
Okawaru
Qazlal
Ru
Sif Muna
Trog
Vehumet
Xom
Yredelemnul
Zin
The Shining One

Shops:
D:4 [

Annotations:
D:8 Erica


Innate Abilities, Weirdness & Mutations

You are resistant to torment.
Your stone body is resilient (AC +7).
You are immune to poison.
You resist negative energy.
You are resistant to electric shocks.
You can survive without breathing.
You are immune to petrification.
You are immune to rotting.
You are resistant to hostile enchantments.


Message History

The kobold hits you but does no damage.
The killer bee stings you but does no damage.
The kobold unwields an uncursed blowgun.
The kobold wields an uncursed club.
The kobold hits you but does no damage.
The orc priest hits you but does no damage.
The kobold hits you but does no damage.
The two-headed ogre hits you with a giant spiked club!
The two-headed ogre hits you but does no damage.
The killer bee stings you but does no damage.
You see here a dagger.
The kobold hits you but does no damage.
The killer bee stings you but does no damage.
The kobold barely misses you. The killer bee barely misses you.
The two-headed ogre hits you with a giant spiked club!!
* * * LOW HITPOINT WARNING * * *
The two-headed ogre hits you but does no damage.
The orc priest mumbles some strange prayers to Beogh against you.
Something smites you!
You die...

#.####..yK....#####...####
###y##.#...#........<
.######o######...(.....##
.......)## #....#....##
.......y.####.####....#
......oKZ.#...# #....###
.......oK...### ####...#
.......yOKK.######.......
########@K.......#.......
#..###.###.........
....####.............
..###................. ..#
#................. #
#......[......)...
#..........####...
...................
##################.


You could see a two-headed ogre, a big kobold, 3 killer bees, an orc priest, 2
orcs, 4 kobolds and a giant gecko skeleton.

Vanquished Creatures
  Psyche (D:8)
  A wraith (Ossuary)
  2 humans (D:7)
  Grum (D:8)
  2 wolves (D:8)
  A hippogriff (D:7)
  A sky beast (D:5)
  4 ice beasts
  2 centaurs
  2 ogres
  A phantom (D:6)
  2 elf zombies (D:4)
  A wyvern zombie (D:6)
  2 giant frogs (D:6)
  An elf skeleton (D:4)
  A scorpion (D:4)
  9 wights
  4 crimson imps
  A quasit (D:8)
  2 centaur skeletons (D:5)
  A giant frog zombie (D:5)
  7 hounds
  An iguana (D:7)
  5 orc wizards
  A giant frog skeleton (D:8)
  2 orc priests
  A human skeleton (D:4)
  4 worker ants
  A mummy (Ossuary)
  A worker ant zombie (D:6)
  Robin (D:3)
  4 gnolls (D:2)
  6 adders
  5 oozes
  A shadow imp (D:7)
  3 worms
  21 orcs
  13 bats
  7 giant cockroaches
  22 goblins
  17 hobgoblins
  2 giant geckos
  A giant gecko skeleton (D:5)
  4 giant newts
  7 gnoll skeletons (Ossuary)
  4 jackals (D:6)
  11 kobolds
  7 kobold skeletons (Ossuary)
  11 orc skeletons
  An orc zombie (D:4)
  3 quokkas
  A quokka skeleton (D:5)
  6 rats
223 creatures vanquished.

Vanquished Creatures (others)
  A bat (D:8)
  A goblin (D:3)
2 creatures vanquished.

Grand Total: 225 creatures vanquished

Notes
Turn   | Place    | Note
--------------------------------------------------------------
     0 | D:1      | urechis the Gargoyle Fighter began the quest for the Orb.
     0 | D:1      | Reached XP level 1. HP: 14/14 MP: 1/1
    67 | D:1      | Reached XP level 2. HP: 17/19 MP: 2/2
   643 | D:1      | Reached XP level 3. HP: 23/23 MP: 3/3
  1162 | D:2      | Reached XP level 4. HP: 29/29 MP: 4/4
  1363 | D:2      | Reached skill level 4 in Fighting
  1384 | D:2      | Reached XP level 5. HP: 22/34 MP: 5/5
  1396 | D:2      | Found a burning altar of Makhleb.
  1834 | D:3      | Noticed Robin
  1879 | D:3      | Killed Robin
  1954 | D:3      | Reached skill level 5 in Maces & Flails
  2002 | D:3      | Found a shimmering altar of Xom.
  2064 | D:3      | Found a faded altar to an unknown god.
  2134 | D:3      | Reached XP level 6. HP: 39/39 MP: 6/6
  2437 | D:4      | Reached skill level 5 in Fighting
  2472 | D:4      | Reached skill level 6 in Maces & Flails
  2673 | D:4      | Reached XP level 7. HP: 38/44 MP: 7/7
  2717 | D:4      | Found a sand-covered staircase.
  2726 | Ossuary  | Entered an ossuary
  2726 | Ossuary  | Noticed a wraith
  2726 | Ossuary  | Noticed a wraith
  2726 | Ossuary  | Noticed a wraith
  2816 | Ossuary  | Noticed a wraith
  2858 | Ossuary  | Killed a wraith
  2858 | Ossuary  | Reached skill level 7 in Maces & Flails
  3170 | D:4      | Reached XP level 8. HP: 50/52 MP: 8/8
  3296 | D:4      | Found Howuigh's Armour Boutique.
  3329 | D:5      | Entered Level 5 of the Dungeon
  3629 | D:5      | Reached skill level 8 in Maces & Flails
  4332 | D:6      | Reached skill level 9 in Maces & Flails
  4544 | D:6      | Reached XP level 9. HP: 51/58 MP: 9/9
  5136 | D:7      | Reached skill level 10 in Maces & Flails
  5169 | D:7      | Found a shattered altar of Ashenzari.
  5274 | D:7      | Found an iron altar of Okawaru.
  5720 | D:7      | Found a staircase to the Ecumenical Temple.
  5726 | Temple   | Entered the Ecumenical Temple
  5794 | Temple   | Became a worshipper of Trog the Wrathful
  5879 | D:8      | Noticed Psyche
  5886 | D:8      | Paralysed by Psyche for 3 turns
  5892 | D:8      | Killed Psyche
  5892 | D:8      | Reached skill level 11 in Maces & Flails
  5899 | D:8      | Reached XP level 10. HP: 66/66 MP: 10/10
  5904 | D:8      | Gained mutation: You are resistant to hostile enchantments. [mutagenic glow]
  5999 | D:8      | Noticed Erica
  6081 | D:8      | Noticed Grum
  6241 | D:8      | Killed Grum
  6254 | D:8      | Found a radiant altar of Vehumet.
  6254 | D:8      | Found a sacrificial altar of Ru.
  6352 | D:8      | Killed from afar by an orc priest

Vault maps used:
D:1:      minmay_arrival_doors
D:2:      makhleb_heckhound_becter, minmay_crystal_water,
          guppyfry_early_orc_mine
D:3:      lemuel_coloured_pillars_altar, ecumenical_altar_1, uniq_robin
D:4:      nicolae_ossuary_entry_catacombs, serial_shops, shop
D:5:      first_bread
D:7:      okawaru_humans, ashenzari_altar_1, minmay_temple_entry_enclosed_plants
D:8:      gammafunk_temple_overflow_forgotten, uniq_grum, uniq_psyche,
          uniq_erica
Temple:   temple_eino_lava_12
Ossuary:  ossuary_due_mausoleum

Action                   |  1- 3 |  4- 6 |  7- 9 | 10-12 || total
-------------------------+-------+-------+-------+-------++-------
Melee: Flail             |   133 |   225 |   592 |       ||   950
       Morningstar       |       |       |    37 |    75 ||   112
Invok: Burn Spellbooks   |       |       |     1 |       ||     1
  Use: Potion            |       |       |     2 |       ||     2
  Eat: Chunk             |       |     4 |    11 |     2 ||    17
       Meat ration       |       |     1 |       |       ||     1
       Pizza             |       |       |       |     1 ||     1
